 Dungeon Crawl Stone Soup version 0.24.1-11-gbbbb2193e6 (webtiles) character file.

Game seed: 16928787669960875577, levelgen mode: deterministic

132 Peloso the Shield-Bearer (level 4, -13/35 HPs)
             Began as a Demonspawn Fighter on May 10, 2020.
             Mangled by an ogre
             ... wielding a +0 giant spiked club
              (20 damage)
             ... on level 4 of the Dungeon on May 11, 2020.
             The game lasted 00:06:26 (2683 turns).

Peloso the Shield-Bearer (Demonspawn Fighter)       Turns: 2683, Time: 00:06:26

Health: -13/35     AC:  6    Str: 23    XL:     4   Next: 92%
Magic:  4/4        EV:  7    Int:  9    God:
Gold:   184        SH: 10    Dex: 12    Spells: 3/3 levels left

rFire    . . .     SeeInvis .   a - +1 long sword
rCold    . . .     Gourm    .   c - +1 shield
rNeg     . . .     Faith    .   b - +0 scale mail
rPois    .         Spirit   .   (no helmet)
rElec    .         Reflect  .   (no cloak)
rCorr    .         Harm     .   (no gloves)
MR       .....                  (no boots)
Stlth    ..........             (no amulet)
HPRegen  0.11/turn              (no ring)
MPRegen  0.09/turn              (no ring)

@: mighty
A: rot immunity
a: no special abilities


You were on level 4 of the Dungeon.
You were hungry.

You visited 1 branch of the dungeon, and saw 4 of its levels.

You collected 184 gold pieces.

Inventory:

Hand Weapons
 a - a +1 long sword (weapon)
Armour
 b - a +0 scale mail (worn)
 c - a +1 shield (worn)
Scrolls
 e - 2 scrolls of remove curse
 g - 2 scrolls of identify
 h - a scroll of blinking {unknown}
 j - a scroll of teleportation {unknown}
Potions
 d - a potion of might
 i - 3 potions of curing
 l - a potion of flight
 m - a potion of magic
Comestibles
 f - 3 rations


   Skills:
 + Level 3.4 Fighting
 + Level 3.4 Long Blades
 + Level 2.9 Armour
 + Level 0.3 Dodging
 + Level 3.5 Shields


You had 3 spell levels left.
You didn't know any spells.
Your spell library was empty.

Dungeon Overview and Level Annotations

Branches:
Dungeon (4/15)
 Temple: D:4-7

Altars:
Ashenzari
Trog


Innate Abilities, Weirdness & Mutations

You are immune to rotting.


Message History

The orc shouts!
You hit the ogre.
The ogre is lightly wounded.
You hear a shout!
You block the ogre's attack.
You slash the ogre!
The ogre is heavily wounded.
You block the orc's attack.
An orc comes into view. It is wielding a +0 short sword.
The ogre hits you with a +0 giant spiked club!!
Ouch! That really hurt!
* * * LOW HITPOINT WARNING * * *
Unknown command.
Unknown command.
You slash the ogre!
The ogre is almost dead.
You block the orc's attack.
The ogre hits you with a +0 giant spiked club!!
Ouch! That really hurt!
You die...

#(.......# #........#
#..<.....# #........#
#........# #######
#........# #...<.#
#........# #.....#
#######....>...###.....#
#...!JO@?......).[......
#....##o..†.############
.......o....# #..
.###....# .. ......## .
.......#>. ...##.#.##.
... #.#.##8


You could see an ogre, an ooze and 2 orcs.

Vanquished Creatures
  4 adders
  3 oozes
  3 worms
  2 dart slugs
  3 leopard geckos
  5 orcs
  5 bats
  2 giant cockroaches
  10 goblins
  5 hobgoblins
  6 jackals
  A quokka (D:3)
  5 frilled lizards
  4 kobolds
  4 rats
62 creatures vanquished.

Notes
Turn   | Place    | Note
-------+----------+-------------------------------------------
     0 | D:1      | Peloso the Demonspawn Fighter began the quest for the Orb.
     0 | D:1      | Reached XP level 1. HP: 18/18 MP: 1/1
   291 | D:1      | Gained mutation: You are immune to rotting. [demonic
                  | ancestry]
   291 | D:1      | Reached XP level 2. HP: 24/24 MP: 2/2
   779 | D:2      | Reached XP level 3. HP: 29/29 MP: 3/3
   859 | D:2      | Found a faded altar of an unknown god.
  1075 | D:2      | Found a shattered altar of Ashenzari.
  1405 | D:3      | Reached XP level 4. HP: 18/35 MP: 4/4
  2023 | D:3      | Found a bloodstained altar of Trog.
  2675 | D:4      | Noticed an ogre
  2683 | D:4      | Mangled by an ogre

Levels and vault maps discovered:
D:1:      nzn_arrival_depleted_hourglass, layout_basic, hangedman_glass_teeth
D:2:      layout_rooms, ashenzari_altar_1, chequers_ecumenical_altar_simple,
          minivault_5, kennysheep_cross_room
D:3:      layout_basic, overflow_temple_1_default, serial_aquarium,
          aquarium_bridge_long_separate [aquarium_subvault_wall,
          aquarium_subvault_window, aquarium_subvault_bridge,
          aquarium_subvault_bridge, aquarium_subvault_wall,
          aquarium_subvault_bridge], aquarium_bridge_square
          [aquarium_subvault_balcony, aquarium_subvault_window,
          aquarium_subvault_window, aquarium_subvault_bridge],
          aquarium_window_1, aquarium_window_double, aquarium_view_2a,
          aquarium_view_2f
D:4:      layout_rooms, nicolae_overflow_hidden_temple,
          minmay_temple_entry_mist, first_ration

Skill      XL: |  1  2  3 |
---------------+----------+-----
Shields        | 3 |  3.5
Long Blades    | 2 3 |  3.4
Fighting       | |  3.4
Armour         | |  2.9
Dodging        | |  0.3

Action                   |  1- 3 |  4- 6 || total
-------------------------+-------+-------++-------
Melee: Long sword        |   129 |    68 ||   197
  Use: Scroll            |     7 |     1 ||     8
       Potion            |       |     1 ||     1
  Eat: Chunk             |     1 |     4 ||     5
Armor: Scale mail        |    74 |    25 ||    99
Dodge: Dodged            |    33 |    15 ||    48
Block: Shield            |    81 |    43 ||   124
       Rpst.: Long sword |     9 |     8 ||    17
